 Dungeon Crawl Stone Soup version 0.30.0-13-g156ef70053 (webtiles) character file.

Game seed: 2934389383350619316

9540 browni3141 the Cleaver (level 11, -2/97 HPs)
             Began as a Minotaur Fighter on May 17, 2023.
             Was a High Priest of Okawaru.
             Killed by vampiric draining
             ... invoked by a vampire
              (14 damage)
             ... on level 10 of the Dungeon.
             The game lasted 00:06:18 (8129 turns).

browni3141 the Cleaver (Minotaur Fighter)           Turns: 8129, Time: 00:06:19

Health: -2/97      AC: 15    Str: 23    XL:     11   Next: 24%
Magic:  14/14      EV:  9    Int:  5    God:    Okawaru [*****.]
Gold:   561        SH:  6    Dex: 12    Spells: 10/10 levels left

rFire   . . .        a - +0 war axe
rCold   . . .        c - +0 buckler
rNeg    . . .        t - +0 plate armour
rPois   .            (helmet restricted)
rElec   .            (no cloak)
rCorr   .            z - +0 pair of gloves
SInv    .            (no boots)
Will    .....        K - amulet of regeneration Stlth
                     (no ring)
HPRegen 1.16/turn    (no ring)
MPRegen 0.14/turn

%: no passive effects
@: no status effects
A: horns 2, retaliatory headbutt
a: Renounce Religion, Heroism, Finesse, Duel


You were on level 10 of the Dungeon.
You worshipped Okawaru.
Okawaru was extremely pleased with you.
You visited 3 branches of the dungeon, and saw 12 of its levels.

You collected 561 gold pieces.

Inventory:

Hand Weapons
 a - a +0 war axe (weapon)
Armour
 c - a +0 buckler (worn)
 t - a +0 plate armour (worn)
 z - a +0 pair of gloves (worn)
Jewellery
 v - a ring of ice
 x - an amulet of reflection
 B - a ring of see invisible
 K - an amulet of regeneration (around neck)
Wands
 I - a wand of iceblast (4)
 V - a wand of flame (13)
Scrolls
 u - a scroll of enchant weapon {unknown}
 A - 2 scrolls of brand weapon {unknown}
 F - a scroll of acquirement {unknown}
 H - a scroll of torment {unknown}
 O - 2 scrolls of fog {unknown}
 P - 2 scrolls of immolation {unknown}
 R - a scroll of summoning {unknown}
 S - a scroll of noise {unknown}
 T - 9 scrolls of identify {unknown}
 U - 5 scrolls of teleportation {unknown}
 W - a scroll of poison {unknown}
 X - 5 scrolls of fear {unknown}
 Y - a scroll of vulnerability {unknown}
 Z - a scroll of blinking {unknown}
Potions
 r - 8 potions of curing {unknown}
 s - a potion of flight {unknown}
 w - a potion of ambrosia {unknown}
 y - 3 potions of haste {unknown}
 C - a potion of degeneration {unknown}
 D - 2 potions of invisibility {unknown}
 E - 3 potions of lignification {unknown}
 G - a potion of berserk rage {unknown}
 J - 2 potions of heal wounds {unknown}
 L - 4 potions of attraction {unknown}
 M - 4 potions of might
 N - a potion of resistance {unknown}
 Q - a potion of cancellation {unknown}


   Skills:
 + Level 9.1 Fighting
 * Level 11.9 Axes
 + Level 9.0 Armour
 + Level 7.3 Dodging
 + Level 9.0 Shields
 * Level 5.4 Invocations


You had 10 spell levels left.
You didn't know any spells.
Your spell library contained the following spells:

 Spells                   Type           Power      Damage    Failure   Level
 Passage of Golubria      Tloc           0%         N/A       100%        4
 Petrify                  Tmut/Erth      0%         N/A       100%        4
 Metabolic Englaciation   Hex/Ice        0%         N/A       100%        5
 Silence                  Hex/Air        0%         N/A       100%        5
 Statue Form              Tmut/Erth      0%         N/A       100%        6
 Lehudib's Crystal Spear  Conj/Erth      0%         10d2      100%        8


Dungeon Overview and Level Annotations

Branches:
Dungeon (10/15)            Temple (1/1) D:5            Lair (1/5) D:8
    Orc: D:9-12

Altars:
Ashenzari
Cheibriados
Dithmenos
Elyvilon
Fedhas
Gozag
Hepliaklqana
Kikubaaqudgha
Makhleb
Nemelex Xobeh
Okawaru
Qazlal
Ru
Sif Muna
Trog
Uskayaw
Vehumet
Wu Jian
Xom
Yredelemnul
Zin
The Shining One


Innate Abilities, Weirdness & Mutations

You have a pair of horns on your head.
You reflexively headbutt those who attack you in melee.


Message History

You slice the yak!!
You kill the yak!
Okawaru accepts your kill.
Things that are here:
a yak corpse; a yak corpse You see here a wyvern corpse.
You feel like a meek peon again.
Things that are here:
a +0 giant club; a +0 giant spiked club
There is a stone staircase leading down here.
Found a sacrificial altar of Ru.
You see here a +0 buckler.
Done exploring.
Done exploring.
Done exploring.
Done exploring.
Done exploring.
There is a stone staircase leading down here.
You climb downwards.
There is a stone staircase leading up here.
A vampire is nearby!
A vampire is nearby!
A vampire is nearby!
You slash the vampire!
The vampire is heavily damaged.
The vampire hits you but does no damage.
The vampire bites you.
The vampire draws strength from your injuries!
You hit the vampire but do no damage.
The vampire is moderately damaged.
You hit the vampire but do no damage. You headbutt the vampire.
The vampire is heavily damaged.
The vampire gestures wildly while chanting.
The vampire flickers and vanishes!
Deactivating autopickup; reactivate with Ctrl-A.
You miss something. You headbutt something. Something hits you.
Something bites you.
Something draws strength from your injuries!
No target in view!
You miss something. Your headbutt misses something.
Something hits you but does no damage. Something bites you but does no damage.
No target in view!
You closely miss something. Something hits you but does no damage.
Something bites you.
Something draws strength from your injuries!
You barely miss something.
You hear some strange, mumbled words.
You are confused.
You hit something but do no damage. Something hits you!
Something bites you but does no damage.
You miss something. Something hits you but does no damage.
Something bites you but does no damage. Something hits you!
Something bites you but does no damage.
You bump into the rock wall.
Something hits you but does no damage. Something bites you but does no damage.
Something hits you but does no damage. Something bites you but does no damage.
Something hits you but does no damage. Something bites you.
Something draws strength from your injuries!
Something hits you. Something bites you but does no damage.
You feel less confused. Something hits you.
Something bites you but does no damage. Something hits you but does no damage.
Something bites you but does no damage. Something hits you.
Something bites you but does no damage.
There is a stone staircase leading up here.
You barely miss something. You headbutt something.
Something hits you but does no damage. Something bites you but does no damage.
You completely miss something. Something hits you but does no damage.
Something bites you.
Something draws strength from your injuries!
You closely miss something. Something completely misses you.
Something bites you!
Something draws strength from your injuries!
You slash something! Your headbutt misses something.
Something hits you but does no damage. Something bites you.
Something draws strength from your injuries!
You hit something but do no damage. Your headbutt misses something.
Something hits you. Something bites you but does no damage.
You closely miss something. Your headbutt misses something. You hit something.
You block something's attack. Something bites you.
Something draws strength from your injuries!
You barely miss something. You block something's attack. Something bites you.
Something draws strength from your injuries!
You slash something! Something hits you but does no damage.
Something bites you.
Something draws strength from your injuries!
You barely miss something. You headbutt something. Something hits you.
Something bites you but does no damage.
You slash something! Your headbutt misses something. Something hits you.
Something bites you but does no damage.
You barely miss something. Something hits you.
Something bites you but does no damage.
You hit something but do no damage. Your headbutt misses something.
A vampire appears from thin air!
Reactivating autopickup.
The vampire draws life force from you!
The vampire is healed by the life force!
You slash the vampire! Your headbutt misses the vampire.
The vampire is almost destroyed.
The vampire draws life force from you!
You die...

##########
#.........
#........
##### #.....#
##....##.....#
.........V@..#
.............#
#####........#
#........#
#........#
#........#
#.######... #.
..## #. ..#


You could see a vampire.

Vanquished Creatures
  Fannar (Lair:1)
  2 two-headed ogres (D:9)
  Joseph (Lair:1)
  A cane toad (Lair:1)
  Psyche (D:8)
  A rime drake (Lair:1)
  4 komodo dragons
  A hornet (D:7)
  A vampire (D:9)
  10 yaks
  2 wyverns (D:9)
  3 steam dragons
  5 water moccasins
  3 orc warriors
  A black bear (D:7)
  An ice beast (D:7)
  A centaur (D:6)
  An ogre (D:5)
  A kobold brigand (D:8)
  2 bullfrogs
  2 scorpions
  10 wights
  A howler monkey (D:6)
  4 lava snakes (D:8)
  2 jellies (D:6)
  3 hounds
  10 orc priests
  An iguana (D:6)
  9 orc wizards
  7 gnolls
  9 adders
  2 white imps
  An ufetubus (D:4)
  2 worms
  4 dart slugs
  27 orcs
  6 endoplasms
  7 giant cockroaches
  5 goblins
  11 hobgoblins
  12 jackals
  4 quokkas
  7 ball pythons
  8 bats
  2 frilled lizards (D:1)
  7 kobolds
  7 rats
213 creatures vanquished.

Notes
Turn   | Place    | Note
-------+----------+-------------------------------------------
     0 | D:1      | browni3141 the Minotaur Fighter began the quest for the
                  | Orb.
     0 | D:1      | Reached XP level 1. HP: 19/19 MP: 0/0
    55 | D:1      | Reached XP level 2. HP: 17/27 MP: 1/1
   169 | D:1      | Found a faded altar of an unknown god.
   232 | D:1      | Reached skill level 3 in Axes
   369 | D:1      | Reached XP level 3. HP: 33/33 MP: 2/2
  1097 | D:2      | Reached XP level 4. HP: 32/40 MP: 3/3
  1567 | D:3      | Reached skill level 4 in Axes
  1772 | D:3      | Found an ornate altar of the Wu Jian Council.
  2216 | D:4      | Reached XP level 5. HP: 47/47 MP: 4/4
  2572 | D:4      | Reached XP level 6. HP: 30/55 MP: 5/5
  2673 | D:4      | Noticed a water moccasin
  2684 | D:4      | Killed a water moccasin
  2685 | D:4      | Reached skill level 5 in Axes
  2814 | D:4      | You fall into a shaft and drop 3 floors!
  2957 | D:6      | Noticed an ice beast
  2965 | D:7      | Killed an ice beast
  2970 | D:6      | Reached XP level 7. HP: 50/61 MP: 6/6
  3063 | D:6      | Found a basalt altar of Yredelemnul.
  3079 | D:6      | Reached skill level 6 in Axes
  3095 | D:5      | Entered Level 5 of the Dungeon
  3154 | D:5      | Reached skill level 3 in Dodging
  3155 | D:5      | Found a glowing golden altar of the Shining One.
  3264 | D:4      | Found a radiant altar of Vehumet.
  3756 | D:5      | Found a staircase to the Ecumenical Temple.
  3780 | Temple   | Entered the Ecumenical Temple
  3946 | Temple   | Became a worshipper of Warmaster Okawaru
  4090 | D:6      | Reached XP level 8. HP: 70/70 MP: 7/7
  4180 | D:6      | Reached skill level 6 in Fighting
  4180 | D:6      | Reached skill level 7 in Axes
  4180 | D:6      | Reached skill level 6 in Armour
  4652 | D:6      | Reached skill level 6 in Shields
  5030 | D:8      | Reached * piety under Okawaru
  5031 | D:8      | Reached skill level 8 in Axes
  5038 | D:8      | Reached XP level 9. HP: 6/78 MP: 8/8
  5039 | D:8      | HP: 3/78 [yak (5)]
  5244 | D:7      | Reached ** piety under Okawaru
  5245 | D:7      | Reached skill level 9 in Axes
  5973 | D:8      | Noticed Psyche
  5976 | D:8      | Noticed a komodo dragon
  5989 | D:8      | Killed Psyche
  5995 | D:8      | Killed a komodo dragon
  5995 | D:8      | Reached *** piety under Okawaru
  6044 | D:8      | Found a staircase to the Lair.
  6185 | D:8      | Reached skill level 10 in Axes
  6196 | D:8      | Reached skill level 6 in Dodging
  6341 | D:8      | Reached XP level 10. HP: 73/84 MP: 10/10
  6736 | Lair:1   | Entered Level 1 of the Lair of Beasts
  6817 | Lair:1   | Noticed Fannar
  6834 | Lair:1   | Killed Fannar
  6861 | Lair:1   | Noticed Joseph
  6875 | Lair:1   | Killed Joseph
  6876 | Lair:1   | Reached skill level 3 in Invocations
  7071 | Lair:1   | Identified the +0 leather armour "Kaneemoss" {Int+4}
  7086 | Lair:1   | Reached **** piety under Okawaru
  7087 | Lair:1   | Reached skill level 11 in Axes
  7203 | Lair:1   | Noticed a cane toad
  7213 | Lair:1   | Killed a cane toad
  7430 | D:9      | Found a hide-covered altar of Uskayaw.
  7506 | D:9      | Noticed a two-headed ogre
  7516 | D:9      | Killed a two-headed ogre
  7516 | D:9      | Reached ***** piety under Okawaru
  7517 | D:9      | Reached XP level 11. HP: 43/95 MP: 10/13
  7892 | D:9      | Noticed a two-headed ogre
  7903 | D:9      | Killed a two-headed ogre
  7904 | D:9      | Reached skill level 9 in Fighting
  7904 | D:9      | Reached skill level 9 in Armour
  7904 | D:9      | Reached skill level 9 in Shields
  7999 | D:9      | Found a sacrificial altar of Ru.
  8096 | D:10     | Entered Level 10 of the Dungeon
  8129 | D:10     | Killed from afar by a vampire

Illustrated notes

Levels and vault maps discovered:
D:1:      amcnicky_arrival_single_pillar, layout_basic,
          dreamdust_ecumenical_altar_angels_and_demons,
          nicolae_kite_square_tiling_tiny
D:2:      layout_loops_ring, hangedman_feature_mirror
D:3:      layout_loops_ring, mainiacjoe_overflow_24_doors, grunt_ministairs_8,
          dk_noncrumbling_3
D:4:      layout_rooms, mainiacjoe_overflow_alcove_1
D:5:      layout_basic, kennysheep_mini, minmay_temple_entry_junction,
          mrwooster_statue_mirror, chequers_jeans
D:6:      layout_cave_pods, yredelemnul_altar_generic, hex_medium
D:7:      layout_loops_corners, serial_glass, glass_columns_c, glass_columns_a,
          david_defended_altar_orc
D:8:      layout_rooms, david_lair_shrubbed, kennysheep_dice, uniq_psyche
D:9:      layout_small_grid, nicolae_ru_the_path_less_chosen,
          eat_drink_and_be_merry_uskayaw
D:10:     lemuel_ice_spiral_2, layout_irregular_city, orc_0_dummy,
          serial_column_ruins, column_ruins_hut_pillars,
          column_ruins_open_medium, column_ruins_open_tiny, column_ruins_grid_3,
          column_ruins_grid_1
Temple:   nicolae_temple_elliptical
Lair:1:   layout_regular_city, uniq_joseph, uniq_fannar

Skill      XL: |  1  2  3  4  5  6  7  8  9 10 11 |
---------------+----------------------------------+-----
Axes           | 3 4 5 6 8 10 11 | 11.9
Fighting       | 4 5 6 7 8 9 |  9.1
Shields        | 4 5 6 7 8 9 |  9.0
Armour         | 4 5 6 7 8 9 |  9.0
Dodging        | 1 2 3 4 6 7 |  7.3
Invocations    | 1 4 5 |  5.4

Action                     |  1- 3 |  4- 6 |  7- 9 | 10-12 || total
---------------------------+-------+-------+-------+-------++-------
  Melee: War axe           |    76 |   109 |   177 |   192 ||   554
         Headbutt          |     9 |    16 |    38 |    27 ||    90
  Throw: Throwing net      |       |       |     2 |       ||     2
 Invoke: Heroism           |       |       |       |    10 ||    10
  Evoke: Wand              |       |       |     2 |       ||     2
    Use: Potion            |       |     1 |       |       ||     1
 Armour: Scale mail        |    42 |    50 |    59 |    34 ||   185
         Plate armour      |       |       |       |    72 ||    72
  Dodge: Dodged            |    49 |    66 |   121 |    66 ||   302
  Block: Buckler           |    24 |    25 |    57 |    52 ||   158
